Map: Acid Plant LE

Players

eGGz (eggs)

  • Race: Zerg Zerg
  • Spawn Location: 11:00

Serral - Winner!

  • Race: Zerg Zerg
  • Spawn Location: 5:00

Event: IEM Season 12 - PyeongChang

VOD

Have the link to the VOD?

Description

Time

  • Played on: Feb. 5, 2018, 2:41 a.m.
  • Length: 6:07

All games in this series

Show
View Real Time Build Order
Export as new Build Order

eGGz Zerg 

Build Orders: Hatch First 

Get SALT Encoding   

  12  0:00  Drone  
  13  0:12  Overlord  
  13  0:20  Drone  
  14  0:30  Drone  
  14  0:31  Drone  
  14  0:33  Drone  
  17  0:52  Hatchery  
  17  0:55  Drone  
  17  0:58  Drone  
  17  1:01  Extractor  
  17  1:06  Drone  
  18  1:17  Spawning Pool  
  17  1:20  Drone  
  18  1:28  Drone  
  19  1:39  Overlord  
  19  2:05  Zergling x4  
  21  2:10  Metabolic Boost  
  21  2:11  Queen, Drone  
  21  2:13  Drone  
  21  2:15  Queen  
  27  2:17  Drone  
  28  2:25  Drone x2  
  30  2:31  Drone  
  30  2:36  Drone  
  32  2:42  Drone  
  32  2:43  Baneling Nest  
  32  2:47  Drone  
  33  2:56  Drone  
  33  2:59  Drone  
  34  3:06  Drone  
  35  3:20  Lair  
  35  3:22  Hatchery  
  35  3:24  Overlord  
  34  3:27  Overlord  
  34  3:28  Drone  
  34  3:29  Overlord  
  35  3:34  Baneling  
  35  3:40  Zergling x2, Extractor  
  35  3:44  Zergling x10  
  41  3:55  Baneling x2  
  41  4:02  Overlord  
  41  4:03  Drone x2  
  40  4:19  Zergling x14  
  45  4:24  Extractor  
  45  4:25  Extractor  
  45  4:30  Drone x2  
  37  4:34  Zergling x2  
  37  4:35  Zergling x6  
  41  4:40  Baneling x3  
  39  4:58  Zergling x10  
  39  4:59  Zergling x2  
  45  5:03  Zergling x2  
  45  5:04  Zergling x8  
  50  5:08  Zergling x2  
  50  5:10  Baneling x2  
  50  5:11  Baneling  
  50  5:12  Zergling x4  
  49  5:21  Zergling x2  
  50  5:29  Zergling x2  
  50  5:39  Zergling x6  
  47  5:44  Zergling x2  
  47  5:45  Zergling x6  
  44  5:56  Spire  
Show
View Real Time Build Order
Export as new Build Order

Serral Zerg - Winner!

Build Orders: Hatch First 

Get SALT Encoding   

  12  0:00  Drone  
  13  0:13  Overlord  
  13  0:17  Drone  
  14  0:31  Drone x2  
  17  0:35  Drone  
  17  0:51  Hatchery  
  17  0:54  Drone  
  17  0:57  Drone  
  18  1:08  Extractor  
  17  1:12  Spawning Pool  
  17  1:15  Drone  
  17  1:18  Drone  
  18  1:28  Drone  
  19  1:39  Overlord  
  19  1:59  Queen, Zergling x2  
  19  2:00  Zergling x2  
  23  2:02  Queen  
  23  2:03  Zergling x2  
  23  2:07  Metabolic Boost  
  26  2:11  Drone  
  26  2:13  Drone  
  28  2:22  Drone  
  29  2:24  Drone  
  30  2:33  Drone  
  31  2:39  Hatchery  
  30  2:44  Baneling Nest  
  30  2:48  Drone  
  30  2:50  Drone  
  31  2:55  Overlord  
  32  2:58  Drone  
  32  3:01  Zergling x2  
  33  3:11  Zergling x2  
  33  3:12  Drone x3  
  36  3:16  Zergling x2  
  36  3:21  Overlord  
  36  3:22  Drone  
  36  3:23  Drone  
  37  3:29  Zergling x4  
  39  3:35  Baneling  
  39  3:36  Zergling x4  
  41  3:44  Zergling x10  
  41  3:45  Zergling x2  
  47  3:51  Zergling x4  
  49  3:56  Baneling Nest  
  49  3:57  Roach Warren  
  49  3:59  Baneling x3  
  48  4:02  Baneling  
  48  4:03  Baneling  
  48  4:05  Drone x2  
  48  4:08  Drone  
  48  4:09  Extractor  
  50  4:11  Drone x2  
  52  4:17  Overlord  
  52  4:18  Drone  
  45  4:28  Overlord  
  45  4:29  Drone x2  
  45  4:32  Zergling x6  
  45  4:34  Zergling x2  
  49  4:47  Roach x5  
  59  4:59  Roach x3  
  64  5:05  Roach x4  
  72  5:10  Overlord  
  70  5:21  Roach x2  
  73  5:23  Overlord  
  73  5:26  Overlord  
  73  5:29  Baneling x3  
  73  5:31  Zergling x10  
  78  5:41  Ravager  
  70  5:43  Zergling x12  
  71  5:57  Ravager  

Tags
 
Add a new tag
Caveats
  • Supply blocks, unpowered buildings, or Contaminate may cause inaccurate times.
  • Supply counts are checked every 10 seconds.